Map: Orbital Shipyard

Players

whaleslapper - Winner!

  • Race: Terran Terran
  • League: Grandmaster

ChooChan

  • Race: Protoss Protoss
  • League: Platinum

Event: Lycan League Weekly August #3

VOD

Have the link to the VOD?

Description

Time

  • Played on: Aug. 17, 2015, 12:16 p.m.
  • Length: 9:32

All games in this series

Show
View Real Time Build Order
Export as new Build Order

whaleslapper Terran - Winner!

Build Orders: Reaper Expand, MMM Bio 

Get SALT Encoding   

  12  0:01  SCV  
  13  0:13  SCV  
  14  0:21  Supply Depot  
  14  0:25  SCV  
  15  0:43  SCV  
  15  0:45  Barracks  
  15  0:49  Refinery  
  16  0:57  SCV  
  17  1:09  SCV  
  18  1:24  SCV  
  19  1:34  Reaper  
  19  1:36  Orbital Command  
  20  1:42  Command Center  
  20  2:02  Supply Depot, SCV  
  21  2:14  SCV  
  21  2:15  Barracks Reactor  
  22  2:25  Supply Depot  
  22  2:26  SCV  
  22  2:27  Factory  
  23  2:38  SCV  
  24  2:50  SCV  
  25  2:51  Barracks  
  25  2:52  Refinery  
  25  2:53  Marine x2  
  25  2:56  Orbital Command  
  27  3:03  SCV  
  28  3:11  Marine x2  
  30  3:19  Widow Mine  
  30  3:21  Starport  
  30  3:23  SCV x2  
  33  3:28  Marine  
  33  3:29  Marine  
  35  3:35  SCV  
  35  3:36  SCV  
  35  3:39  Barracks Tech Lab  
  37  3:46  Marine  
  37  3:47  Engineering Bay  
  37  3:48  SCV x2  
  40  3:58  Marauder  
  40  4:00  SCV x2, Concussive Shells  
  40  4:02  Widow Mine  
  44  4:04  Marine x2  
  44  4:08  Supply Depot  
  44  4:09  Medivac  
  50  4:12  SCV x2  
  52  4:21  Barracks, Marauder  
  54  4:24  Supply Depot  
  54  4:29  SCV, Marine x2  
  54  4:30  SCV, Refinery  
  58  4:33  Supply Depot  
  58  4:39  Starport Reactor  
  58  4:42  SCV x2, Marauder  
  62  4:47  Marine x2  
  62  4:48  Combat Shields  
  62  4:49  Refinery  
  62  4:51  Factory Tech Lab  
  64  4:54  SCV x2  
  64  4:56  Supply Depot  
  66  5:05  Marine x2  
  66  5:06  SCV x2, Marauder  
  72  5:13  Terran Infantry Weapons Level 1, Supply Depot  
  72  5:18  SCV x2  
  72  5:20  Marauder  
  76  5:23  Marine  
  76  5:27  Marauder  
  77  5:37  Medivac  
  77  5:38  Medivac  
  77  5:39  SCV  
  82  5:43  Marauder  
  82  5:44  Marine  
  82  5:46  Marine  
  82  5:47  SCV  
  85  5:51  Command Center, SCV  
  85  5:56  Barracks  
  86  5:59  Barracks  
  86  6:02  SCV  
  86  6:03  SCV  
  88  6:07  Supply Depot  
  88  6:11  Supply Depot  
  88  6:13  Stimpack  
  88  6:15  SCV  
  88  6:16  Marine  
  90  6:20  Marauder  
  90  6:23  Marine x2  
  94  6:29  SCV x2  
  96  6:35  Medivac x2  
  100  6:40  Supply Depot  
  100  6:43  Ghost Academy  
  100  6:46  Barracks Reactor, Barracks Tech Lab  
  100  6:48  SCV  
  100  6:51  SCV  
  101  6:55  Marauder, Marine  
  97  7:04  Orbital Command  
  97  7:05  SCV x2  
  99  7:08  Medivac  
  99  7:09  Medivac  
  103  7:17  SCV x2  
  103  7:18  Terran Infantry Armor Level 1  
  105  7:26  Ghost x2  
  105  7:27  Ghost  
  111  7:30  Marine x4  
  111  7:33  SCV x2  
  117  7:38  Supply Depot  
  117  7:43  Barracks  
  117  7:45  Barracks x2  
  117  7:48  Refinery, Marine x3  
  117  7:49  Supply Depot, Factory Reactor  
  117  7:50  Marine  
  121  7:55  Supply Depot, Marine  
  121  7:56  Marauder x2  
  69  8:05  Marine, Medivac x2  
  126  8:06  Marine  
  126  8:12  Supply Depot  
  132  8:13  Marine  
  132  8:14  Supply Depot, Marauder, Marine  
  132  8:15  Supply Depot  
  132  8:17  Command Center, Marauder x2  
  140  8:20  Supply Depot x2  
  140  8:23  Marine  
  141  8:30  Marine  
  141  8:34  Marine  
  142  8:35  Marauder, Medivac, Marine  
  142  8:38  Marauder  
  142  8:39  Marauder  
  140  8:51  Marine  
  140  8:52  Marine  
  140  8:54  Marine  
  137  8:57  Marine, Marauder  
  137  9:00  Marine, Marauder x2  
  137  9:01  Marine x2  
  134  9:09  Marine  
  139  9:10  Marine  
  151  9:24  Barracks  
  151  9:26  Barracks  
Show
View Real Time Build Order
Export as new Build Order

ChooChan Protoss 

Build Orders: 1 Gate Expand 

Get SALT Encoding   

  12  0:00  Probe  
  13  0:14  Pylon  
  13  0:18  Probe  
  14  0:32  Probe (Chrono Boost)  
  14  0:33  Gateway  
  15  0:41  Probe (Chrono Boost)  
  16  0:49  Probe  
  17  1:01  Probe (Chrono Boost)  
  19  1:12  Probe (Chrono Boost)  
  19  1:17  Nexus  
  19  1:22  Probe  
  20  1:30  Cybernetics Core  
  20  1:39  Assimilator  
  20  1:47  Pylon  
  20  1:54  Probe  
  21  2:06  Probe (Chrono Boost)  
  22  2:15  Adept (Chrono Boost)  
  25  2:16  Probe (Chrono Boost)  
  25  2:22  Assimilator  
  25  2:23  Probe  
  25  2:29  Probe  
  27  2:35  Probe, Adept  
  30  2:41  Probe  
  30  2:48  Probe  
  31  2:53  Probe  
  32  3:00  Probe  
  32  3:01  Robotics Facility  
  33  3:09  Adept  
  34  3:18  Probe (Chrono Boost)  
  34  3:19  Probe (Chrono Boost)  
  36  3:28  Probe (Chrono Boost), Warp Gate (Chrono Boost)  
  36  3:30  Probe (Chrono Boost)  
  36  3:31  Assimilator  
  36  3:33  Pylon  
  37  3:35  Probe (Chrono Boost)  
  39  3:42  Assimilator  
  39  3:44  Probe (Chrono Boost)  
  39  3:47  Probe (Chrono Boost)  
  40  3:50  Observer (Chrono Boost)  
  40  3:54  Probe x2 (Chrono Boost)  
  43  3:59  Gateway  
  43  4:00  Gateway  
  43  4:04  Observer (Chrono Boost)  
  43  4:05  Mothership Core (Chrono Boost)  
  43  4:09  Probe (Chrono Boost)  
  47  4:15  Forge  
  48  4:17  Probe (Chrono Boost)  
  48  4:19  Probe (Chrono Boost)  
  50  4:25  Observer (Chrono Boost)  
  50  4:28  Probe (Chrono Boost), Pylon  
  50  4:31  Probe (Chrono Boost)  
  52  4:48  Probe (Chrono Boost)  
  52  4:49  Pylon  
  52  4:50  Probe (Chrono Boost)  
  54  4:54  Protoss Ground Weapons Level 1 (Chrono Boost)  
  54  4:55  Probe  
  54  4:59  Probe  
  56  5:00  Twilight Council  
  56  5:08  Robotics Bay  
  56  5:11  Probe  
  57  5:18  Immortal (Chrono Boost)  
  57  5:21  Probe  
  61  5:44  Pylon  
  61  5:47  Photon Cannon  
  61  5:49  Immortal (Chrono Boost), Photon Cannon  
  65  5:51  Sentry  
  65  5:56  Pylon  
  67  6:04  Probe (Chrono Boost), Photon Cannon  
  69  6:05  Probe (Chrono Boost)  
  69  6:08  Sentry x2  
  73  6:16  Probe (Chrono Boost)  
  73  6:17  Adept  
  77  6:19  Pylon  
  77  6:21  Probe (Chrono Boost)  
  77  6:25  Disruptor  
  80  6:29  Disruptor (Chrono Boost)  
  80  6:33  Sentry, Adept  
  80  6:38  Pylon  
  84  6:40  Pylon  
  84  6:41  Photon Cannon  
  84  6:43  Adept  
  89  6:58  Disruptor (Chrono Boost)  
  89  7:01  Adept x2  
  91  7:04  Protoss Ground Weapons Level 2 (Chrono Boost)  
  93  7:20  Gateway  
  93  7:22  Gateway  
  93  7:23  Nexus  
  93  7:25  Gateway  
  93  7:37  Probe  
  93  7:38  Probe, Pylon  
  93  7:40  Assimilator  
  95  7:45  Templar Archives, Assimilator  
  95  7:47  Photon Cannon  
  95  7:51  Immortal (Chrono Boost)  
  99  7:54  Probe x2  
  101  8:06  Disruptor  
  101  8:12  Pylon  
  101  8:15  Disruptor  
  101  8:16  Adept  
  101  8:17  Adept x2  
  67  8:59  Adept x3  
  67  9:01  Immortal (Chrono Boost)  
  47  9:21  Adept x5  
  47  9:22  Adept  

Tags
 
Add a new tag
Caveats
  • Supply blocks, unpowered buildings, or Contaminate may cause inaccurate times.
  • Supply counts are checked every 10 seconds.